[Event "Late-Titled-Tuesday-Blitz-February-13-2024"]
[Site "Chess.com"]
[Date "2024.02.13"]
[Round "3"]
[White "DanylaBagrov"]
[Black "NovakRatko"]
[Result "1-0"]
[WhiteElo "2562"]
[BlackElo "2327"]
[TimeControl "180+1"]
[EndTime "14:27:06 PST"]
[Termination "DanylaBagrov won by resignation"]

1. f4 d5 2. Nf3 c5 3. g3 Nc6 4. Bg2 f6 5. O-O e5 6. fxe5 fxe5 7. d3 Nf6 8. Nc3 Be7 9. e4 dxe4 10.
Nxe4 Nxe4 11. dxe4 Qxd1 12. Rxd1 Bg4 13. c3 O-O 14. Rf1 Rad8 15. Be3 b6 16. h3 Bh5 17. g4 Bg6 18. Nd2 Rd3 19. Rae1 Rfd8 20. Rf2 b5 21.
Bf1 Rxd2 22. Rxd2 Rxd2 23. Bxd2 c4 24. Kg2 Kf8 25. Kf3 Kf7 26. Be3 a6 27. Rd1 Ke6 28. b3 cxb3 29. axb3 Na5 30. b4 Nc4 31. Bxc4+ bxc4 32. Ra1 1-0

[Event "Late-Titled-Tuesday-Blitz-February-13-2024"]
[Site "Chess.com"]
[Date "2024.02.13"]
[Round "3"]
[White "claudyna16"]
[Black "Grossboss19"]
[Result "0-1"]
[WhiteElo "2429"]
[BlackElo "2622"]
[TimeControl "180+1"]
[EndTime "14:27:07 PST"]
[Termination "Grossboss19 won by checkmate"]

1. c4 e5 2. g3 Nc6 3. Bg2 Nf6 4. Nc3 Bb4 5. Nd5 Bc5 6. e3 O-O 7. Ne2 Nxd5 8. cxd5 Ne7 9. d4 exd4 10. Nxd4 d6 11. O-O Nf5 12. Ne2 Re8 13. b3 a5 14. h3 Bd7 15. Kh2 a4 16. e4 Ne7 17. Bb2 Ng6 18. Qc2 Bb5 19. f4 Bb6 20. Rae1 axb3 21.
axb3 Ra2 22. Qc3 f6 23. h4 Qa8 24. h5 Nf8 25. e5 dxe5 26. fxe5 Rxe5 27. Bf3 Qe8 28.
h6 Bxe2 29. hxg7 Nd7 30. Rxe2 Rxe2+ 31. Kh3 Raxb2 32. Bxe2 Qxe2 33. Rxf6 Qh5# 0-1

[Event "Late-Titled-Tuesday-Blitz-February-13-2024"]
[Site "Chess.com"]
[Date "2024.02.13"]
[Round "3"]
[White "Sanan_Sjugirov"]
[Black "A-Fier"]
[Result "0-1"]
[WhiteElo "2975"]
[BlackElo "2768"]
[TimeControl "180+1"]
[EndTime "14:27:09 PST"]
[Termination "A-Fier won on time"]

1. e4 Nf6 2. e5 Nd5 3. d4 d6 4. Nf3 g6 5. Bc4 Nb6 6. Bb3 Bg7 7. O-O O-O 8. h3 Nc6 9. Qe2 Na5 10. Nc3 Nxb3 11. axb3 a5 12. Bg5 f6 13. Be3 fxe5 14.
dxe5 d5 15. Bxb6 cxb6 16. Nd4 e6 17. f4 Qe7 18. Kh1 Bd7 19. Qg4 Rac8 20. h4 Qf7 21. Nce2 Kh8 22. c3 Rg8 23. Ng1 Bf8 24. Ngf3 h6 25.
Qh3 Be7 26. Rae1 Rcf8 27. g3 b5 28. Kg2 b4 29. Ng5 Qe8 30. Ngxe6 Qc8 31. f5 Bxe6 32. Nxe6 Rxf5 33. Rxf5 gxf5 34. Qxf5 bxc3 35. Qf7 Bxh4 36. Re3 cxb2 37. Nf4 b1=Q 0-1

[Event "Late-Titled-Tuesday-Blitz-February-13-2024"]
[Site "Chess.com"]
[Date "2024.02.13"]
[Round "3"]
[White "FMJoseHerrera"]
[Black "Mikayel99"]
[Result "1-0"]
[WhiteElo "2704"]
[BlackElo "2500"]
[TimeControl "180+1"]
[EndTime "14:27:09 PST"]
[Termination "FMJoseHerrera won on time"]

1. Nf3 d5 2. g3 g6 3. Bg2 Bg7 4. d3 e5 5. Nc3 Ne7 6. h4 h5 7. e4 d4 8. Ne2 Nbc6 9. O-O Bg4 10. Nh2 Bxe2 11. Qxe2 Qd6 12. f4 O-O-O 13. f5 Bh6 14. Bxh6 Rxh6 15. Nf3 gxf5 16. exf5 Nd5 17. Ng5 Rf8 18.
b4 Ne3 19. b5 Ne7 20. Qf3 Nxg2 21. Qxg2 f6 22. Ne4 Qd5 23. a4 Kb8 24. Kh2 Nc8 25. a5 Nd6 26. b6 Nxe4 27. bxa7+ Kxa7 28. dxe4 Qc4 29. Rfb1 Rh7 30. Qd2 Rg8 31. Rb4 Qc5 32. Rab1 c6 33. Rb6 Rhg7 34. Qd3 Qxa5 35. Qb3 Qd2+ 36. Kh1 Qc3 37. Rxb7+ Ka8 38. Qa4+ 1-0

[Event "Late-Titled-Tuesday-Blitz-February-13-2024"]
[Site "Chess.com"]
[Date "2024.02.13"]
[Round "3"]
[White "giovannibrandao7"]
[Black "scandalgod"]
[Result "0-1"]
[WhiteElo "2254"]
[BlackElo "2517"]
[TimeControl "180+1"]
[EndTime "14:27:10 PST"]
[Termination "scandalgod won by resignation"]

1. e4 e5 2. Nf3 Nc6 3. Bb5 a6 4.
Ba4 d6 5. O-O Bg4 6. Bxc6+ bxc6 7. c3 Qf6 8. d3 Ne7 9. Nbd2 g5 10.
h3 Bd7 11. Nh2 h5 12. Re1 g4 13. hxg4 hxg4 14. Ndf1 Qh4 15. g3 Qh3 16. d4 Ng6 17. b3 Bg7 18. d5 cxd5 19. Qxd5 Rd8 20. Bg5 f6 21. Be3 Ke7 22. c4 Bh6 23. Rad1 Nf4 24. Bxf4 exf4 25. e5 fxe5 26. c5 Be6 27. cxd6+ cxd6 28. Qg2 Qxg2+ 29. Kxg2 f3+ 30. Kg1 Rc8 0-1

[Event "Late-Titled-Tuesday-Blitz-February-13-2024"]
[Site "Chess.com"]
[Date "2024.02.13"]
[Round "3"]
[White "Jahonas"]
[Black "zano2023"]
[Result "1-0"]
[WhiteElo "2368"]
[BlackElo "2135"]
[TimeControl "180+1"]
[EndTime "14:27:12 PST"]
[Termination "Jahonas won by resignation"]

1. d4 e5 2. dxe5 d6 3. Nf3 Bg4 4. Bg5 Qd7 5. Nc3 Nc6 6. e3 dxe5 7. Qxd7+ Bxd7 8. Bb5 f6 9. Bh4 O-O-O 10. O-O-O Nge7 11. Bg3 a6 12. Ba4 Be6 13. Rxd8+ Kxd8 14. Rd1+ Kc8 15. Ne4 b6 16. Bb3 Bxb3 17. axb3 Nf5 18. Nh4 Nxh4 19. Bxh4 h6 20. Nc3 Ne7 21. f3 g5 22. Bf2 Bg7 23. Nd5 Nxd5 24. Rxd5 Rd8 25. c4 c6 26. Rxd8+ Kxd8 27. e4 b5 28. Kc2 Bf8 29.
Kd3 Kc7 30. Be3 h5 31. g4 h4 32. h3 a5 33. Bd2 Kb6 34. Be3+ Bc5 35. Bd2 Bd4 36.
Kc2 a4 37. cxb5 Kxb5 38. bxa4+ Kxa4 39. b3+ Kb5 40. Kd3 c5 41. Bc1 Kb4 42. Kc2 Bc3 43.
Ba3+ Kxa3 44. Kxc3 Ka2 45. Kc4 Kb2 46. Kxc5 Kxb3 47.
Kd5 Kc3 48. Ke6 Kd3 49. Kxf6 Ke3 50. Kxe5 Kxf3 51. Kf5 Kg3 52. e5 Kxh3 53. e6 Kg2 54. e7 h3 55. e8=Q h2 56. Qe4+ Kg3 57. Kxg5 1-0

[Event "Late-Titled-Tuesday-Blitz-February-13-2024"]
[Site "Chess.com"]
[Date "2024.02.13"]
[Round "3"]
[White "AsterPhoenix"]
[Black "Nick12772"]
[Result "1-0"]
[WhiteElo "2644"]
[BlackElo "2372"]
[TimeControl "180+1"]
[EndTime "14:27:13 PST"]
[Termination "AsterPhoenix won by resignation"]

1. e4 e6 2. d4 d5 3. Nc3 Bb4 4. Ne2 Nf6 5. e5 Nfd7 6. a3 Be7 7. f4 c5 8. Be3 Nc6 9. Qd2 a6 10. g3 b5 11. Bg2 Bb7 12. O-O g6 13. Rad1 Qc7 14. dxc5 Nxc5 15. Kh1 Rd8 16. Nd4 Nxd4 17. Bxd4 h5 18. Qe3 O-O 19. h3 Kg7 20. g4 hxg4 21. hxg4 Rh8+ 22. Kg1 Rh4 23. f5 Kg8 24. f6 Bf8 25.
Qg3 Rh7 26. Kf2 Ne4+ 27. Nxe4 Qxc2+ 28. Nd2 Bc5 29. Qe3 Bf8 30. Rc1 Qa4 31. Rh1 Rxh1 32. Rxh1 Qc2 33. Bf1 b4 34. Bd3 1-0

[Event "Late-Titled-Tuesday-Blitz-February-13-2024"]
[Site "Chess.com"]
[Date "2024.02.13"]
[Round "3"]
[White "sotochess"]
[Black "Nemsko"]
[Result "1-0"]
[WhiteElo "2588"]
[BlackElo "2396"]
[TimeControl "180+1"]
[EndTime "14:27:16 PST"]
[Termination "sotochess won by resignation"]

1. e4 e5 2. Nf3 Nc6 3. Bc4 Bc5 4.
O-O Nf6 5. d3 a6 6. c3 Ba7 7. a4 O-O 8. Be3 d6 9. Nbd2 h6 10. b4 Ne7 11. Bxa7 Rxa7 12. Re1 Ng6 13. Nf1 Kh7 14. Bb3 c6 15. d4 Qe7 16. Ng3 Rd8 17. a5 Ra8 18. Qc2 Bg4 19. Nd2 Be6 20. Nc4 Rac8 21.
Nf5 Qc7 22. Nb6 Rb8 23. Rad1 Ne7 24. Ng3 Ng6 25. d5 cxd5 26. exd5 Bg4 27. f3 Bd7 28. c4 Kg8 29. Rc1 Be8 30. c5 dxc5 31. bxc5 Qe7 32.
d6 Qf8 33. Qxg6 1-0

[Event "Late-Titled-Tuesday-Blitz-February-13-2024"]
[Site "Chess.com"]
[Date "2024.02.13"]
[Round "3"]
[White "guillembaches"]
[Black "yuriydovzik"]
[Result "1/2-1/2"]
[WhiteElo "2524"]
[BlackElo "2115"]
[TimeControl "180+1"]
[EndTime "14:27:17 PST"]
[Termination "Game drawn by repetition"]

1. d4 e6 2. Nf3 Nf6 3. Bg5 c5 4. e3 Qb6 5. Qc1 Ne4 6. Bh4 d5 7. c3 h6 8. Nbd2 g5 9. Bg3 Nxg3 10. hxg3 Bg7 11. Bd3 Nc6 12. Rb1 Bd7 13. O-O O-O-O 14. b4 c4 15. Bc2 f5 16. a4 Qc7 17. a5 Ne7 18. Qa3 Bb5 19. Ba4 Qc6 20. Bxb5 Qxb5 21.
a6 b6 22. Ne5 Rhf8 23. f4 g4 24. Kf2 Nc6 25. Nxc6 Qxc6 26. b5 Qd6 27. Qa4 Rf7 28. Rh1 Bf8 29. Rh5 Rf6 30. Rbh1 Rd7 31. Nb1 Rdf7 32.
Ke2 Kd8 33. Kd2 Ke8 34. Kc2 Rd7 35. Kb2 Kf7 36. Na3 Qxa3+ 37. Qxa3 Bxa3+ 38. Kxa3 Kg7 39. Kb4 Rd8 40. R1h2 Rh8 41. Rh1 Rh7 42. R1h2 Rh8 43. Rh1 Rh7 44. Ka3 Rh8 45. Kb2 Rh7 46. Kc2 Rh8 47.
Kb2 Rh7 48. Ka3 Rh8 49. Kb4 1/2-1/2

[Event "Late-Titled-Tuesday-Blitz-February-13-2024"]
[Site "Chess.com"]
[Date "2024.02.13"]
[Round "3"]
[White "cande_francisco"]
[Black "nitpicker"]
[Result "1-0"]
[WhiteElo "2492"]
[BlackElo "2245"]
[TimeControl "180+1"]
[EndTime "14:27:17 PST"]
[Termination "cande_francisco won on time"]

1. e4 c5 2. Nf3 Nc6 3. Bb5 e6 4. O-O Nge7 5. Re1 d5 6. exd5 Qxd5 7. Nc3 Qd8 8. d4 cxd4 9. Nxd4 g6 10. Bg5 Qb6 11. Bf6 Rg8 12. Ne4 Nd5 13. c4 Nc7 14. c5 Bxc5 15. Bxc6+ bxc6 16. Nxc5 Qxc5 17. Nxe6 Bxe6 18. Rc1 Qd5 19. Qa4 Nb5 20. Red1 Qxa2 21.
Qe4 Rc8 22. Qb4 1-0

[Event "Late-Titled-Tuesday-Blitz-February-13-2024"]
[Site "Chess.com"]
[Date "2024.02.13"]
[Round "3"]
[White "VinzentSpitzl"]
[Black "Rutricks"]
[Result "0-1"]
[WhiteElo "2500"]
[BlackElo "2700"]
[TimeControl "180+1"]
[EndTime "14:27:18 PST"]
[Termination "Rutricks won by resignation"]

1. e4 g6 2. d4 Bg7 3. Nc3 c6 4. h3 d5 5. Nf3 dxe4 6. Nxe4 Nf6 7.
Nxf6+ exf6 8. Bc4 O-O 9. O-O a5 10. a4 Na6 11. c3 Nc7 12. Bf4 Nd5 13. Bg3 Be6 14. Bb3 Re8 15. Re1 Qb6 16. Nd2 Qa6 17.
Nc4 Nxc3 18. bxc3 Bxc4 19. Bc2 Bh6 20. Rb1 Be2 21. Rxe2 Qxe2 22. Bd3 Qxd1+ 23. Rxd1 Re7 24. Rb1 Bd2 25. Rb3 b5 26. axb5 a4 27. Ra3 Bc1 28. Ra2 cxb5 29. Bxb5 a3 30. d5 Bb2 31. d6 Re1+ 32.
Kh2 Ra1 33. Rxa1 Bxa1 34. d7 Bxc3 35. Bc4 Be5 0-1

[Event "Late-Titled-Tuesday-Blitz-February-13-2024"]
[Site "Chess.com"]
[Date "2024.02.13"]
[Round "3"]
[White "LLRChess"]
[Black "Quattroporte300"]
[Result "1-0"]
[WhiteElo "2592"]
[BlackElo "2405"]
[TimeControl "180+1"]
[EndTime "14:27:18 PST"]
[Termination "LLRChess won by resignation"]

1. e4 c5 2. Nf3 Nc6 3. c3 d5 4. exd5 Qxd5 5. Na3 Nf6 6. Bc4 Qe4+ 7. Be2 Qg6 8. Nb5 Nd5 9. c4 Nf4 10. g3 Ng2+ 11.
Kf1 Bh3 12. Kg1 O-O-O 13. d3 h6 14. Bf1 e5 15. Bxg2 Bxg2 16. Kxg2 Rxd3 17. Qe2 e4 18. Nd2 f5 19. Nf1 Be7 20. Nc3 Nd4 21. Qe1 Nc2 22.
Qe2 Nxa1 23. Be3 Qe6 24. Nd5 g5 25. Nd2 Nc2 26. Nb3 Nxe3+ 27. fxe3 f4 28. exf4 gxf4 29. Nxf4 Qxc4 30. Rc1 Qb4 31. Nxd3 exd3 32. Qxe7 Kb8 33. Qe5+ Kc8 34. Rxc5+ 1-0

[Event "Late-Titled-Tuesday-Blitz-February-13-2024"]
[Site "Chess.com"]
[Date "2024.02.13"]
[Round "3"]
[White "HanSchut"]
[Black "Baronessa08"]
[Result "1/2-1/2"]
[WhiteElo "2272"]
[BlackElo "2543"]
[TimeControl "180+1"]
[EndTime "14:27:19 PST"]
[Termination "Game drawn by repetition"]

1. e4 c5 2. Nf3 e6 3. c4 d6 4.
d4 cxd4 5. Nxd4 Nf6 6. Nc3 b6 7. Be3 Bb7 8. f3 a6 9. Be2 Be7 10. O-O O-O 11. Qd2 Qc7 12. Rac1 Nbd7 13. Rfd1 Rac8 14.
Bf1 Rfe8 15. Qf2 Qb8 16. b4 Ne5 17. Na4 Nfd7 18. Nb3 Nxc4 19. Bxc4 b5 20. Bxb5 axb5 21. Nc3 Ne5 22. Ba7 Qa8 23. Nxb5 Rxc1 24. Nxc1 Rc8 25. a4 d5 26. f4 Nc4 27. exd5 Bxd5 28. Nd3 Bc6 29. Bc5 Bf6 30. Rc1 Qxa4 31. Nd6 Nxd6 32. Bxd6 h6 33. Ne5 Bb7 34. Rxc8+ Bxc8 35. h3 Ba6 36. Qa7 Qd1+ 37. Kh2 Qxd6 38. Qxf7+ Kh7 39. Qg6+ Kg8 40. Qf7+ Kh7 41. Qg6+ Kg8 42. Qf7+ 1/2-1/2

[Event "Late-Titled-Tuesday-Blitz-February-13-2024"]
[Site "Chess.com"]
[Date "2024.02.13"]
[Round "3"]
[White "szachmistrz2500"]
[Black "InadaC"]
[Result "1-0"]
[WhiteElo "2463"]
[BlackElo "2225"]
[TimeControl "180+1"]
[EndTime "14:27:19 PST"]
[Termination "szachmistrz2500 won by checkmate"]

1. e4 e6 2. d3 d5 3. Nd2 dxe4 4.
dxe4 Nf6 5. Ngf3 Bc5 6. Bd3 O-O 7. e5 Nd5 8. Ne4 Bb6 9. c3 f5 10. exf6 Nxf6 11. Qe2 Nd5 12. Bg5 Qe8 13. O-O-O Nc6 14. Rhe1 Qh5 15. h3 h6 16. Bd2 a5 17. Ng3 Qf7 18. Rf1 a4 19. Ne5 Nxe5 20. Qxe5 Nf4 21. Bc2 Qf6 22. Qe4 e5 23. Qh7+ Kf7 24. Ne4 Qc6 25.
Bxf4 exf4 26. g3 Bxh3 27. Ng5+ hxg5 28. Qxh3 Rad8 29. gxf4 Rxd1+ 30. Rxd1 gxf4 31. Rd7+ Ke8 32. Rxg7 Bxf2 33. Qc8# 1-0

[Event "Late-Titled-Tuesday-Blitz-February-13-2024"]
[Site "Chess.com"]
[Date "2024.02.13"]
[Round "3"]
[White "Dedic8"]
[Black "annasargsyan_m"]
[Result "1-0"]
[WhiteElo "2862"]
[BlackElo "2564"]
[TimeControl "180+1"]
[EndTime "14:27:22 PST"]
[Termination "Dedic8 won on time"]

1. d4 d5 2. c4 c6 3. Nf3 Nf6 4. e3 Bg4 5. h3 Bxf3 6. Qxf3 e6 7. Nc3 Nbd7 8. Bd3 Bb4 9. O-O O-O 10. a3 Ba5 11. Rd1 Re8 12. b4 Bc7 13. Bb2 Nf8 14.
e4 dxe4 15. Nxe4 Nxe4 16. Bxe4 Qg5 17. g3 Rad8 18. Re1 f5 19. Bc2 f4 20. g4 h5 21.
Rad1 b5 22. c5 Ng6 23. Kf1 Nh4 24. Qxc6 hxg4 25. hxg4 Qxg4 26. Qxc7 Qg2+ 27. Ke2 f3+ 28. Kd2 Qxf2+ 29. Kc1 Ng2 30. d5 e5 31. Rxe5 1-0

[Event "Late-Titled-Tuesday-Blitz-February-13-2024"]
[Site "Chess.com"]
[Date "2024.02.13"]
[Round "3"]
[White "traviscottofficial"]
[Black "TenisMaster"]
[Result "0-1"]
[WhiteElo "2696"]
[BlackElo "2932"]
[TimeControl "180+1"]
[EndTime "14:27:24 PST"]
[Termination "TenisMaster won by resignation"]

1. d4 Nf6 2. Nf3 d5 3. c4 e6 4.
Nc3 c6 5. cxd5 exd5 6. Bf4 Nbd7 7. e3 Nh5 8. Bg5 Be7 9. Bxe7 Qxe7 10. Be2 Nhf6 11. O-O O-O 12. Qc2 Re8 13. Rfe1 Ne4 14. Nxe4 dxe4 15. Nd2 Nf6 16. a3 Bg4 17. Bxg4 Nxg4 18.
h3 Nh6 19. b4 Nf5 20. Reb1 a6 21. a4 Nh4 22. Qc5 Qf6 23. Qh5 Rad8 24. Nc4 Rd5 25. Ne5 Ng6 26. Qg4 Nxe5 27. Qxe4 Qd8 28. dxe5 Rexe5 29. Qf3 Rf5 30. Qe2 Rd2 31. Rd1 Rfd5 32. Rxd2 Rxd2 33. Qf3 Rd5 34. Qe4 h6 35. g3 Rd2 36. b5 Rxf2 37. bxc6 bxc6 38. Kxf2 Qf6+ 39.
Kg2 Qb2+ 40. Kf3 Qxa1 41. Qxc6 Qh1+ 0-1

[Event "Late-Titled-Tuesday-Blitz-February-13-2024"]
[Site "Chess.com"]
[Date "2024.02.13"]
[Round "3"]
[White "Lady_Nika"]
[Black "picturesquecheck"]
[Result "0-1"]
[WhiteElo "2573"]
[BlackElo "2413"]
[TimeControl "180+1"]
[EndTime "14:27:24 PST"]
[Termination "picturesquecheck won by resignation"]

1. d4 Nf6 2. e3 d5 3. f4 Bg4 4.
Nf3 e6 5. Be2 Be7 6. Ne5 Bxe2 7.
Qxe2 O-O 8. O-O c5 9. Nd2 Nc6 10. c3 Rc8 11. Rf3 a6 12. Rh3 g6 13. Nf1 Ne4 14. Ng3 f5 15. Nxe4 dxe4 16. Bd2 Nxe5 17.
fxe5 Qb6 18. Be1 Rfd8 19. Bh4 Bxh4 20. Rxh4 Rd7 21. Rf1 cxd4 22. exd4 Qb5 23. Qf2 Qa5 24. a3 b5 25. Qd2 Qd8 26. Qh6 Qf8 27. Qg5 Qe7 28. Qxe7 Rxe7 29. g4 a5 30. gxf5 gxf5 31. Kf2 Rg7 32. Rh6 Rg6 33. Rxg6+ hxg6 34. Ke3 Kg7 35.
Rc1 Rh8 36. b4 Rh3+ 37. Ke2 Rxh2+ 38. Ke3 axb4 39. axb4 Rh3+ 40. Kf2 f4 41. c4 bxc4 42. Rxc4 Rh2+ 43. Kg1 Rb2 44. Rc7+ Kh6 45. d5 e3 46.
Rc4 Rb1+ 47. Kg2 e2 48. Re4 e1=Q 49. Rxe1 Rxe1 0-1

[Event "Late-Titled-Tuesday-Blitz-February-13-2024"]
[Site "Chess.com"]
[Date "2024.02.13"]
[Round "3"]
[White "vi_pranav"]
[Black "Mops_2004"]
[Result "1-0"]
[WhiteElo "3043"]
[BlackElo "2782"]
[TimeControl "180+1"]
[EndTime "14:27:25 PST"]
[Termination "vi_pranav won by resignation"]

1. e4 g6 2. d4 Bg7 3. Nf3 d6 4. Bc4 Nc6 5. O-O Nf6 6. Qe2 e5 7. dxe5 Nxe5 8. Nxe5 dxe5 9. Rd1 Qe7 10. b3 O-O 11. Ba3 c5 12. Nc3 b6 13. Nd5 Nxd5 14.
Bxd5 Rb8 15. Rd3 Ba6 16. c4 Kh8 17. Rad1 Rbd8 18. Bb2 Rd6 19. h3 h5 20. Rf1 Rd7 21. Qe3 Kh7 22. Qg3 Bb7 23. Bxb7 Rxd3 24. Qxd3 Qxb7 25. Rd1 Re8 26. Qf3 Qc7 27. Rd5 Re7 28.
Qd3 Bf6 29. f4 Kg7 30. Rd6 Re8 31. Qd5 Rd8 32. fxe5 Be7 33. e6+ Kf8 34. Rd7 Rxd7 35. exd7 Bd8 36. Be5 1-0

[Event "Late-Titled-Tuesday-Blitz-February-13-2024"]
[Site "Chess.com"]
[Date "2024.02.13"]
[Round "3"]
[White "dorpato"]
[Black "romulocardoso"]
[Result "0-1"]
[WhiteElo "2113"]
[BlackElo "2359"]
[TimeControl "180+1"]
[EndTime "14:27:25 PST"]
[Termination "romulocardoso won by resignation"]

1. e4 c5 2. Nc3 g6 3. g3 Nc6 4. Bg2 Bg7 5. d3 e5 6. Be3 d6 7. Qd2 Nge7 8. Bh6 O-O 9. h4 f5 10. Nge2 f4 11. Bxg7 Kxg7 12. gxf4 exf4 13. Nxf4 Nd4 14.
O-O-O b5 15. h5 b4 16. Ncd5 Nxd5 17. Nxd5 g5 18. h6+ Kh8 19. Rdg1 Be6 20. Rh5 Bxd5 21. exd5 Qf6 22. Rxg5 Qxf2 23. Rg8+ Kxg8 24. Qg5+ Kf7 25. Rf1 Ke8 26. Rxf2 Rxf2 27. Qh5+ Kd7 28. Bh3+ Kc7 29. Qg4 Rxc2+ 30. Kb1 Rd8 31. Qg7+ Kb6 32. Qxh7 Re8 33. a3 b3 34. Qe4 Rxe4 35. dxe4 Rh2 0-1

[Event "Late-Titled-Tuesday-Blitz-February-13-2024"]
[Site "Chess.com"]
[Date "2024.02.13"]
[Round "3"]
[White "KarolKacprzak"]
[Black "ChristopherYoo"]
[Result "0-1"]
[WhiteElo "2720"]
[BlackElo "2968"]
[TimeControl "180+1"]
[EndTime "14:27:27 PST"]
[Termination "ChristopherYoo won by resignation"]

1. e4 e5 2. Nf3 Nc6 3. Bb5 a6 4. Ba4 Nf6 5. O-O Nxe4 6. d4 b5 7. Bb3 d5 8. dxe5 Be6 9. Qe2 Be7 10. Rd1 O-O 11. c4 bxc4 12. Bxc4 Bc5 13. Be3 Bxe3 14. Qxe3 Qb8 15. Bb3 Na5 16. Nbd2 Nxd2 17. Nxd2 Qb4 18. Rac1 d4 19. Qg3 Nxb3 20. axb3 c5 21. Ne4 Rac8 22. Rd3 Bf5 23. Qf4 Bg6 24.
Rg3 d3 25. Re3 Qxb3 26. h4 Qxb2 27. Rd1 Bxe4 28. Qxe4 c4 29. h5 h6 30. Rg3 Qe2 31. Qxe2 dxe2 32. Rc1 Rfd8 0-1

[Event "Late-Titled-Tuesday-Blitz-February-13-2024"]
[Site "Chess.com"]
[Date "2024.02.13"]
[Round "3"]
[White "protectiago"]
[Black "StarkyNZ"]
[Result "0-1"]
[WhiteElo "2112"]
[BlackElo "2354"]
[TimeControl "180+1"]
[EndTime "14:27:33 PST"]
[Termination "StarkyNZ won on time"]

1. d4 Nf6 2. c4 e6 3. g3 d5 4. Nf3 c5 5. cxd5 cxd4 6. dxe6 Bxe6 7. Bg2 Nc6 8. O-O Bc5 9. Qa4 O-O 10. a3 h6 11. b4 Bb6 12. Bb2 Bc4 13. b5 Na5 14.
Nbd2 Bxe2 15. Rfe1 d3 16. Qh4 Re8 17. Ne5 Rxe5 18. Bxe5 Bxf2+ 19. Kxf2 Ng4+ 20. Kg1 Nxe5 21. Qxd8+ Rxd8 22. Rac1 g6 23. Rc7 a6 24. Bxb7 axb5 25.
Ba6 Nac4 26. Nxc4 bxc4 27. Rxc4 d2 0-1

[Event "Late-Titled-Tuesday-Blitz-February-13-2024"]
[Site "Chess.com"]
[Date "2024.02.13"]
[Round "3"]
[White "hurricane7791"]
[Black "jcibarra"]
[Result "1-0"]
[WhiteElo "2723"]
[BlackElo "2927"]
[TimeControl "180+1"]
[EndTime "14:27:34 PST"]
[Termination "hurricane7791 won by resignation"]

1. d4 d5 2. c4 e6 3. Nf3 h6 4.
Nc3 Nf6 5. Bf4 a6 6. e3 c5 7. cxd5 exd5 8. Bd3 c4 9. Bc2 b5 10. a3 Bb7 11. Ne5 Nbd7 12. g4 Nxe5 13. dxe5 d4 14.
exd4 Bxh1 15. exf6 Qxf6 16. Qe2+ Qe7 17. Be5 f6 18. Bg6+ Kd8 19. O-O-O Bb7 20. Be4 fxe5 21. dxe5+ Kc7 22. Bxb7 Kxb7 23. Qe4+ Ka7 24. e6 Rd8 25.
Qe3+ Kb7 26. Qe4+ Kb8 27. Nd5 Qc5 28. f4 Bd6 29. Nb4 Bxf4+ 30. Qxf4+ Kb7 31. Qe4+ Kb6 32. Nd5+ Ka7 33. e7 Rde8 34. Kb1 g5 35. Nb4 Rxe7 36. Nc6+ Kb6 37. Nxe7 Re8 38. Qg6+ Qc6 39. Qxc6+ 1-0

[Event "Late-Titled-Tuesday-Blitz-February-13-2024"]
[Site "Chess.com"]
[Date "2024.02.13"]
[Round "3"]
[White "JoakimVonAnd"]
[Black "Durarbayli"]
[Result "0-1"]
[WhiteElo "2688"]
[BlackElo "2916"]
[TimeControl "180+1"]
[EndTime "14:27:35 PST"]
[Termination "Durarbayli won by resignation"]

1. Nf3 d5 2. g3 g6 3. Bg2 Bg7 4. O-O e5 5. d3 Nc6 6. e4 Nge7 7. c4 dxe4 8. dxe4 Qxd1 9. Rxd1 Bg4 10. Re1 O-O-O 11.
Nc3 Nb4 12. Re2 Nec6 13. Nd5 Bxf3 14. Bxf3 Nxd5 15. cxd5 Nd4 16. Kg2 Nxe2 17. Bxe2 f5 18. Bg5 Rd6 19. Rc1 fxe4 20. Be7 Rxd5 21. Bc4 Rd2 22.
Be6+ Kb8 23. Bg5 Rxb2 24. Rd1 Rf8 25. Be3 Bf6 26. Rd7 h5 27. Bc5 Rd8 28. Rf7 Bg5 29.
h4 Bc1 30. Be7 Re8 31. Bd7 Rg8 32. Be6 e3 33. Bc5 e2 34. Rd7 Rc8 0-1

[Event "Late-Titled-Tuesday-Blitz-February-13-2024"]
[Site "Chess.com"]
[Date "2024.02.13"]
[Round "3"]
[White "MolecularChemist"]
[Black "gahryman"]
[Result "1-0"]
[WhiteElo "2912"]
[BlackElo "2686"]
[TimeControl "180+1"]
[EndTime "14:27:35 PST"]
[Termination "MolecularChemist won on time"]

1. Nf3 d5 2. e3 Nf6 3. c4 e6 4.
Nc3 c5 5. cxd5 exd5 6. d4 Nc6 7. dxc5 Bxc5 8. Be2 O-O 9. O-O a6 10. a3 Ba7 11. h3 Be6 12. Nd4 Nxd4 13. exd4 Ne4 14. Be3 Qd6 15. Bd3 f5 16. f4 Rac8 17. Rc1 Nxc3 18. bxc3 Qxa3 19. Qd2 Bb6 20. Rfe1 Ba5 21.
Ra1 Rxc3 22. Rxa3 Rxa3 23. Qe2 Bxe1 24. Bc1 Rxd3 25. Qxe6+ Kh8 26. Qxe1 h6 27. Kh2 Rc8 28. Bd2 Rxd4 29. Qe6 Rg8 30. Bc3 1-0

[Event "Late-Titled-Tuesday-Blitz-February-13-2024"]
[Site "Chess.com"]
[Date "2024.02.13"]
[Round "3"]
[White "pedroholly22"]
[Black "Genghis_K"]
[Result "0-1"]
[WhiteElo "2523"]
[BlackElo "2909"]
[TimeControl "180+1"]
[EndTime "14:27:36 PST"]
[Termination "Genghis_K won by resignation"]

1. b3 e5 2. Bb2 Nc6 3. e3 Nf6 4. Nf3 e4 5. Nd4 Nxd4 6. Bxd4 d5 7.
Be2 Bd6 8. g4 h6 9. h4 Qe7 10. Nc3 c6 11. a4 Be5 12. Bxe5 Qxe5 13. Rc1 Be6 14. d4 exd3 15. cxd3 d4 16. exd4 Qxd4 17.
Ne4 Nxe4 18. dxe4 Qxe4 19. f3 Qf4 20. Kf2 Rd8 21. Qe1 O-O 22. b4 Rd2 23. b5 Bxg4 24. Rc3 Re8 25. Kf1 Rdxe2 26. Qxe2 Rxe2 27. Kxe2 Be6 28. bxc6 Bc4+ 29. Kd1 Qd4+ 30. Kc2 bxc6 31. Rh2 Bd5 32. Rd2 Qxa4+ 33. Kd3 Qxh4 34. Ke3 Qg5+ 35. f4 Qg3+ 36. Kd4 Qxf4+ 37. Kc5 Qxd2 0-1

[Event "Late-Titled-Tuesday-Blitz-February-13-2024"]
[Site "Chess.com"]
[Date "2024.02.13"]
[Round "3"]
[White "SamCopeland"]
[Black "Rinqed222"]
[Result "0-1"]
[WhiteElo "2389"]
[BlackElo "2238"]
[TimeControl "180+1"]
[EndTime "14:27:36 PST"]
[Termination "Rinqed222 won by resignation"]

1. e4 e6 2. d4 d5 3. e5 c5 4. c3 Nc6 5. Nf3 Qb6 6. Bd3 cxd4 7. O-O Bd7 8. Re1 Nge7 9. h4 Rc8 10.
Nbd2 Ng6 11. Nb3 Be7 12. h5 Nh4 13. Nfxd4 O-O 14. Qg4 f5 15. exf6 Bxf6 16. Be3 Ne5 17. Qd1 Nxd3 18. Qxd3 Qd6 19. g3 e5 20. gxh4 exd4 21. Bxd4 Bxh4 22. Rad1 Qf4 23. Rd2 Qg4+ 24. Kf1 Bf5 25. Qe3 Be4 26. Be5 Bg2+ 27. Kg1 Bf3+ 0-1

[Event "Late-Titled-Tuesday-Blitz-February-13-2024"]
[Site "Chess.com"]
[Date "2024.02.13"]
[Round "3"]
[White "Harsha_Bharathakoti"]
[Black "Kaua18"]
[Result "0-1"]
[WhiteElo "2924"]
[BlackElo "2542"]
[TimeControl "180+1"]
[EndTime "14:27:37 PST"]
[Termination "Kaua18 won on time"]

1. Nf3 b6 2. g3 Bb7 3. Bg2 c5 4. c4 Nf6 5. O-O e6 6. Nc3 d6 7. Re1 Nbd7 8. e4 Be7 9. d4 cxd4 10. Nxd4 Qb8 11. Be3 a6 12. Rc1 O-O 13. f4 Qc7 14. g4 g6 15. f5 e5 16. Nd5 Qd8 17. Nb3 Nxd5 18. cxd5 Bg5 19. Qd2 Bf4 20. Bxf4 exf4 21. Qxf4 Ne5 22. f6 Bc8 23. h3 Nd3 24. Qg5 Nxe1 25. Rxe1 Re8 26. Rf1 Re5 27. Qh6 Qf8 28. Qe3 Qd8 29. Nd2 b5 30. Qh6 Qf8 31. Qe3 Qe8 32. Qh6 Qf8 33. Qf4 Qe8 0-1